 Dungeon Crawl Stone Soup version 0.21-a0-518-g43a1781 (webtiles) character file.

181 Nirn the Chopper (level 5, -1/42 HPs)
             Began as a Human Warper on Dec 4, 2017.
             Slain by Eustachio
             ... wielding a +0 falchion
              (5 damage)
             ... on level 4 of the Dungeon.
             The game lasted 00:14:59 (5613 turns).

Nirn the Chopper (Human Warper)                     Turns: 5613, Time: 00:15:00

Health: -1/42      AC:  3    Str: 12    XL:     5   Next: 92%
Magic:  8/8        EV: 12    Int: 14    God:
Gold:   73         SH:  0    Dex: 12    Spells: 6/8 levels left

rFire    . . .     SeeInvis .   e - +0 mace (pain)
rCold    . . .     Gourm    +   (no shield)
rNeg     . . .     Faith    .   b - +0 leather armour
rPois    .         Spirit   .   (no helmet)
rElec    .         Reflect  .   (no cloak)
rCorr    .         Harm     .   (no gloves)
MR       .....                  (no boots)
Stlth    +.........             j - amulet of the gourmand
HPRegen  0.14/turn              (no ring)
MPRegen  0.11/turn              (no ring)

@: no status effects
A: no striking features
a: no special abilities


You were on level 4 of the Dungeon.
You were very full.

You visited 1 branch of the dungeon, and saw 4 of its levels.

You collected 73 gold pieces.

Inventory:

Hand Weapons
 a - a +1 hand axe
 e - a +0 mace of pain (weapon)
Missiles
 g - 5 tomahawks (quivered)
Armour
 b - a +0 leather armour (worn)
Jewellery
 j - an amulet of the gourmand (around neck)
 o - a +4 ring of strength {unknown}
 t - an uncursed amulet of magic regeneration {unknown}
 w - an uncursed ring of flight {unknown}
Scrolls
 d - a scroll of blinking
 h - a scroll of enchant armour {unknown}
 r - a scroll of noise {unknown}
 s - 2 scrolls of enchant weapon
 u - a scroll of identify {unknown}
Potions
 i - a potion of brilliance
 l - 2 potions of flight
 m - a potion of curing {unknown}
 p - a potion of berserk rage {unknown}
 x - a potion of might
Books
 c - a book of Spatial Translocations

   Spells                             Type                      Level
   a - Blink                          Translocation                2
   b - Shroud of Golubria             Charms/Translocation         2
   c - Lesser Beckoning               Translocation                3
   d - Gell's Gravitas                Translocation                3
   e - Teleport Other                 Translocation                3
   f - Passage of Golubria            Translocation                4
 v - a book of Conjurations

   Spells                             Type                      Level
   a - Magic Dart                     Conjuration                  1
   b - Searing Ray                    Conjuration                  2
   c - Dazzling Spray                 Conjuration/Hexes            3
   d - Fulminant Prism                Conjuration/Hexes            4
   e - Force Lance                    Conjuration/Translocation    4
   f - Iskenderun's Mystic Blast      Conjuration                  4
Comestibles
 f - 5 bread rations
 k - a meat ration
 q - 2 royal jellies


   Skills:
 - Level 4.2 Fighting
 + Level 4.2 Axes
 - Level 1.0 Throwing
 - Level 1.0 Armour
 - Level 2.0 Dodging
 - Level 2.0 Spellcasting
 - Level 3.0 Translocations


You had 6 spell levels left.
You knew the following spells:

 Your Spells              Type           Power        Failure   Level  Hunger
a - Blink                 Tloc           N/A          13%         2    ###....


Dungeon Overview and Level Annotations

Branches:
Dungeon (4/15)
 Temple: D:4-7

Altars:
Dithmenos
Hepliaklqana
Qazlal

Annotations:
D:4 1 transporter, Blork the orc, Eustachio


Message History

Eustachio is almost dead.
Eustachio completely misses you. The quokka barely misses you.
The rat barely misses you.
You hit Eustachio.
Eustachio is almost dead.
Eustachio gestures wildly while chanting.
Eustachio blinks!
The quokka bites you.
* * * LOW HITPOINT WARNING * * *
The rat bites you.
* * * LOW HITPOINT WARNING * * *
Eustachio hits you with a falchion.
* * * LOW HITPOINT WARNING * * *
The quokka bites you.
* * * LOW HITPOINT WARNING * * *
You completely miss Eustachio.
Eustachio is almost dead.
The rat barely misses you. The quokka bites you.
* * * LOW HITPOINT WARNING * * *
Eustachio hits you with a falchion.
You die...

############.# ##
#.# .# #.# .# #.# .#
#.#######
.###########.......#
.....##....#######5#
......>.##.# #@r5#
......^..#.# #@###
....<..#.#.#####r#
........<......#.#
......####.###.#.#
......+..........#
......####.###.###
......##.... #.#
..######.#.# #.# ..
#.#.# #.#


You could see Eustachio, an iron imp, a shadow imp, a quokka and a rat.

Vanquished Creatures
  A hound (D:4)
  Terence (D:3)
  A worker ant (D:4)
  3 adders
  An ooze (D:1)
  A dart slug (D:2)
  2 leopard geckos
  5 orcs (D:3)
  13 bats
  2 giant cockroaches
  15 hobgoblins
  A jackal (D:1)
  7 kobolds
  A ball python (D:3)
  3 frilled lizards
  3 goblins
  5 rats
65 creatures vanquished.

Notes
Turn   | Place    | Note
-------+----------+-------------------------------------------
     0 | D:1      | Nirn the Human Warper began the quest for the Orb.
     0 | D:1      | Reached XP level 1. HP: 16/16 MP: 3/3
   172 | D:1      | Reached XP level 2. HP: 9/23 MP: 5/5
   727 | D:1      | Reached XP level 3. HP: 26/28 MP: 6/6
  1479 | D:2      | Learned a level 2 spell: Blink
  1957 | D:2      | Reached XP level 4. HP: 22/35 MP: 7/7
  2076 | D:2      | Found a hazy altar of Hepliaklqana.
  3350 | D:3      | Found a stormy altar of Qazlal.
  3581 | D:3      | Found a shadowy altar of Dithmenos.
  4030 | D:3      | Noticed Terence
  4481 | D:3      | Reached XP level 5. HP: 37/41 MP: 8/8
  4603 | D:3      | Killed Terence
  5232 | D:4      | Found a transporter.
  5250 | D:4      | Noticed Blork the orc
  5579 | D:4      | Noticed Eustachio
  5613 | D:4      | Slain by Eustachio

Vault maps used:
D:1:      minmay_arrival_radiant_lines
D:2:      cheibrodos_old_hovel, old_standard_altar
D:3:      nicolae_dithmenos_shadow_blocks, first_bread, grunt_qazlal_sundering,
          uniq_terence
D:4:      gammafunk_cloud_chamber, cheibriados_altar_1,
          minmay_temple_entry_enclosed_plants, nemelex_lonely_heart_becter,
          uniq_eustachio, uniq_blork_the_orc

Skill      XL: |  1  2  3  4  5 |
---------------+----------------+-----
Fighting       | 3 4 |  4.2
Axes           | 3 4 |  4.2
Throwing       | |  1.0
Armour         | |  1.0
Dodging        | |  2.0
Spellcasting   | |  2.0
Translocations | |  3.0

Action                   |  1- 3 |  4- 6 || total
-------------------------+-------+-------++-------
Melee: Hand axe          |   118 |   192 ||   310
       Mace              |       |    62 ||    62
Throw: Tomahawk          |     1 |     7 ||     8
  Use: Scroll            |     1 |     2 ||     3
       Potion            |       |     6 ||     6
  Eat: Chunk             |     4 |    18 ||    22
Armor: Leather armour    |    36 |    40 ||    76
       Skin              |       |    13 ||    13
Dodge: Dodged            |    83 |   175 ||   258

Table legend:
 A = Spawn XP
 B = Non-spawn XP
 C = Spawn XP percentage of total XP
 D = Spawn monster count
 E = Non-spawn monster count
 F = Spawn count percentage of total count
 G = Total turns spent on level
                    A         B        C        D         E        F      G
               +---------+---------+-------+---------+---------+-------+---------
         Total |       0 |     259 |   0.0 |       0 |      65 |   0.0 |  5613
               +---------+---------+-------+---------+---------+-------+---------
           D:1 |       0 |      45 |   0.0 |       0 |      23 |   0.0 |  1457
           D:2 |       0 |      34 |   0.0 |       0 |      12 |   0.0 |  1469
           D:3 |       0 |     106 |   0.0 |       0 |      28 |   0.0 |  2140
           D:4 |       0 |      74 |   0.0 |       0 |       2 |   0.0 |   547
               +---------+---------+-------+---------+---------+-------+---------
